 Dungeon Sprint DCSS version 0.32-a0-411-g744942f433 (webtiles) character file.

Game seed: 4261715999815352635

72 shadowstone the Chopper (level 5, -7/38 HPs)
             Began as an Octopode Gladiator on Feb 20, 2024.
             Was a Priest of Qazlal.
             Incinerated by a deep elf pyromancer (9 damage)
             ... with a pyre arrow
             ... in the Dungeon (Sprint VI: "Thunderdome").
             The game lasted 00:07:57 (652 turns).

shadowstone the Chopper (Octopode Gladiator)         Turns: 652, Time: 00:07:58

Health: -7/38      AC:  1    Str: 16    XL:     5   Next: 98%
Magic:  0/5        EV: 18    Int: 15    God:    Qazlal [***...]
Gold:   40         SH:  4    Dex: 19    Spells: 4/4 levels left

rFire   + . .        a - +0 war axe
rCold   . . .        (no shield)
rNeg    + + +        b - +0 hat
rPois   +            o - amulet of Xom's Bemusement {Spirit Fly rN+ Stlth-}
rElec   .            p - ring "Budanyne" {rF+ rCorr}
rCorr   +            r - ring of the Messenger {+Blink Str-2 Int+2 Dex+6 SInv}
SInv    +            q - ring of Fun {Fly rN++ rCorr Int-2 Stlth+}
Will    ++...        s - ring of the Scarab {rPois Will++ Str+3}
Stlth   +            t - ring "Biggupya" {Int+4 SInv}
HPRegen 0.26/turn    (no ring)
MPRegen 0.09/turn    (no ring)
                     (no ring)

%: no teleportation, guardian spirit
@: on fire, flying, glowing
A: almost no armour, amphibious, 8 rings, camouflage 1, gelatinous body 1,
(nimble swimmer 1), tentacles
a: Renounce Religion, Evoke Blink, Upheaval, Elemental Force


You were in the Dungeon.
You worshipped Qazlal.
Qazlal was most pleased with you.
You visited 1 branch You collected 310 gold pieces.
You spent 270 gold pieces at shops.

Inventory:

Hand Weapons
 a - a +0 war axe (weapon)
Missiles
 c - 3 throwing nets
 d - a javelin
Armour
 b - a +0 hat (worn)
Jewellery
 o - the amulet of Xom's Bemusement (around mantle) {Spirit Fly rN+ Stlth-}
   (You bought it in a shop in the Dungeon)

   [amulet of guardian spirit]

   Spirit:    It causes incoming damage to be divided between your reserves of
   health and magic.
   rN+:       It protects you from negative energy.
   Fly:       It grants you flight.
   Stlth-:    It makes you less stealthy.
 p - the ring "Budanyne" (left tentacle) {rF+ rCorr}
   (You bought it in a shop in the Dungeon)

   [ring of resist corrosion]

   rF+:       It protects you from fire.
   rCorr:     It protects you from acid and corrosion.
 q - the ring of Fun (on tentacle) {Fly rN++ rCorr Int-2 Stlth+}
   (You bought it in a shop in the Dungeon)

   [ring of resist corrosion]

   Int-2:     It affects your intelligence (-2).
   rN++:      It greatly protects you from negative energy.
   Fly:       It grants you flight.
   rCorr:     It protects you from acid and corrosion.
   Stlth+:    It makes you more stealthy.
 r - the ring of the Messenger (right tentacle) {+Blink Str-2 Int+2 Dex+6 SInv}
   (You bought it in a shop in the Dungeon)

   [ring of dexterity]

   Str-2:     It affects your strength (-2).
   Int+2:     It affects your intelligence (+2).
   Dex+6:     It affects your dexterity (+6).
   SInv:      It lets you see invisible.
   +Blink:    It lets you blink.
 s - the ring of the Scarab (on tentacle) {rPois Will++ Str+3}
   (You bought it in a shop in the Dungeon)

   [ring of poison resistance]

   Str+3:     It affects your strength (+3).
   rPois:     It protects you from poison Will++: It greatly increases your
   willpower.
 t - the ring "Biggupya" (on tentacle) {Int+4 SInv}
   (You bought it in a shop in the Dungeon)

   [ring of see invisible]

   Int+4:     It affects your intelligence (+4).
   SInv:      It lets you see invisible.
Wands
 m - a wand of iceblast (2) (quivered)
Scrolls
 j - 4 scrolls of blinking
 n - 3 scrolls of fog
Potions
 g - 4 potions of haste
 h - 2 potions of magic
 i - a potion of berserk rage
 k - a potion of resistance


   Skills:
 + Level 4.8 Fighting
 + Level 7.9 Axes
 + Level 3.9 Throwing
 + Level 7.8 Dodging
 + Level 0.7 Evocations


You had 4 spell levels left.
You didn't know any spells.
Your spell library was empty.

Dungeon Overview and Level Annotations

Branches:
Dungeon (1/1)

Altars:
Cheibriados
Dithmenos
Fedhas
Gozag
Kikubaaqudgha
Makhleb
Okawaru
Qazlal
Ru
Sif Muna
Trog
Uskayaw
Vehumet
Wu Jian
Xom
Yredelemnul
Zin
The Shining One
Beogh
Lugonu

Shops:
D *[=??*?*:[((!!!!


Innate Abilities, Weirdness & Mutations

You cannot wear most types of armour.
You are amphibious.
You can wear up to eight rings at the same time.
Your skin changes colour to match your surroundings (Stealth+).
Your rubbery body absorbs attacks. (AC +1, EV +1)
((You are camouflaged when in or above water. (Stealth+)))
You have tentacles for arms and can constrict up to eight enemies at once.


Message History

The deep elf zephyrmancer blinks free!
The deep elf zephyrmancer gestures wildly while chanting.
The deep elf zephyrmancer blinks!
The deep elf zephyrmancer gestures at you while chanting.
The bolt of lightning hits you!
* * * LOW HITPOINT WARNING * * *
The deep elf zephyrmancer points at you and mumbles some strange words.
The bolt of lightning misses you.
You start resting.
A deep elf zephyrmancer is nearby!
You feel better.
The deep elf zephyrmancer casts a spell.
The deep elf zephyrmancer blinks!
You closely miss the deep elf zephyrmancer.
You grab the deep elf zephyrmancer.
The deep elf zephyrmancer is severely wounded.
You constrict the deep elf zephyrmancer.
The deep elf pyromancer gestures at you while chanting.
The pyre arrow hits you.
You are covered in intense liquid fire!
The deep elf zephyrmancer gestures wildly while chanting.
The deep elf zephyrmancer blinks free!
You shake off some of the fire as you move.
The liquid fire burns you!
You hit the deep elf pyromancer. You grab the deep elf pyromancer.
The deep elf pyromancer is lightly wounded.
The liquid fire burns you!
You constrict the deep elf pyromancer.
The deep elf pyromancer closely misses you.
You hit the deep elf pyromancer.
The deep elf pyromancer is moderately wounded.
The liquid fire burns you!
* * * LOW HITPOINT WARNING * * *
You constrict the deep elf pyromancer.
The deep elf pyromancer hits you with a +0 short sword.
* * * LOW HITPOINT WARNING * * *
You hit the deep elf pyromancer.
The deep elf pyromancer is moderately wounded.
The liquid fire burns you!
You die...

#⌠...........⌠#
######.ß..÷......ß.######
##∩_._...([.###......___∩##
##∩......÷.ß.# #.ß........∩##
.............###.............
..........###...###..e.......
..........# #.<.# #..........
..........###..e###e.........
.............###@............
##∩......e.ß.# #.ß........∩##
##∩.__......###......___∩##
######.ß.........ß.######
#⌠......÷....⌠#
###......÷..### #_......._#
#_........# #_......._#


You could see a deep elf pyromancer and a deep elf zephyrmancer.

Vanquished Creatures
  Pargi (D)
  Jessica (D)
  5 mummies (D)
  2 adders (D)
  A jackal (D)
  A quokka (D)
  A kobold (D)
  4 rats (D)
16 creatures vanquished.

Notes
Turn   | Place    | Note
-------+----------+-------------------------------------------
     0 | D        | shadowstone the Octopode Gladiator began the quest for the
                  | Orb.
     0 | D        | Reached XP level 1. HP: 14/14 MP: 1/1
     4 | D        | Found a hide-covered altar of Uskayaw.
     4 | D        | Found an opulent altar of Gozag.
     5 | D        | Found a corrupted altar of Lugonu.
     5 | D        | Found a blossoming altar of Fedhas.
     5 | D        | Round 1.
     6 | D        | Found a snail-covered altar of Cheibriados.
     7 | D        | Found a glowing golden altar of the Shining One.
     7 | D        | Found a basalt altar of Yredelemnul.
     7 | D        | Found Uregosos's Staff Store.
     7 | D        | Found Hilich's Magic Scroll Shop.
     8 | D        | Found Xemoj's Must-Have Magic.
     8 | D        | Found Eruluim's Magic Scroll Shop.
    11 | D        | Found a stormy altar of Qazlal.
    13 | D        | Found an ornate altar of the Wu Jian Council.
    14 | D        | Found Qehat's Timeless Talismans.
    16 | D        | Found Ezoshret's Jewellery.
    16 | D        | Found Lagerchu's Advanced Armour.
    17 | D        | Found a glowing silver altar of Zin.
    17 | D        | Found a shimmering blue altar of Sif Muna.
    17 | D        | Found Obautak's Identification Station.
    30 | D        | Noticed Jessica
    36 | D        | Killed Jessica
    37 | D        | Reached XP level 2. HP: 15/20 MP: 2/2
    37 | D        | Reached XP level 3. HP: 18/25 MP: 3/3
    38 | D        | Reached skill level 5 in Axes
    38 | D        | Reached skill level 5 in Dodging
    70 | D        | Became a worshipper of Qazlal Stormbringer
    75 | D        | Found a roughly hewn altar of Beogh.
    78 | D        | Found an ancient bone altar of Kikubaaqudgha.
    79 | D        | Found an iron altar of Okawaru.
    82 | D        | Found Terph's Premium Goods.
    83 | D        | Found a sacrificial altar of Ru.
    83 | D        | Found a shimmering altar of Xom.
    83 | D        | Found Zummouwaix's Weapon Rack.
    84 | D        | Found Kicudomo's Miscellaneous Merchandise.
    84 | D        | Found Beibet's Basic Armour.
    89 | D        | Found a bloodstained altar of Trog.
    90 | D        | Found a shadowy altar of Dithmenos.
    91 | D        | Found a burning altar of Makhleb.
    93 | D        | Found Nuduohonix's Do-It-Yourself Clinic.
    95 | D        | Found Yhue's Bottled Wisdom.
    95 | D        | Found Roat's Distillery.
    96 | D        | Found a radiant altar of Vehumet.
    96 | D        | Found Muiziuli's Distillery.
   134 | D        | Bought a twitching bronze amulet for 45 gold pieces
   134 | D        | Identified the amulet of Xom's Bemusement {Spirit Fly rN+
                  | Stlth-} (You bought it in a shop in the Dungeon)
   134 | D        | Bought a pitted tin ring for 45 gold pieces
   134 | D        | Identified the ring "Budanyne" {rF+ rCorr} (You bought it
                  | in a shop in the Dungeon)
   174 | D        | Arena points: 12 (+12) [x2]
   201 | D        | Round 2.
   226 | D        | Reached * piety under Qazlal
   276 | D        | Noticed Pargi
   333 | D        | Killed Pargi
   333 | D        | Reached ** piety under Qazlal
   334 | D        | Reached XP level 4. HP: 18/33 MP: 0/4
   334 | D        | Reached XP level 5. HP: 21/37 MP: 0/5
   359 | D        | Arena points: 54 (+42) [x3]
   402 | D        | Round 3.
   421 | D        | Bought a faintly glowing steel ring for 45 gold pieces
   421 | D        | Identified the ring of Fun {Fly rN++ rCorr Int-2 Stlth+}
                  | (You bought it in a shop in the Dungeon)
   421 | D        | Bought a vibrating ivory ring for 45 gold pieces
   421 | D        | Identified the ring of the Messenger {+Blink Str-2 Int+2
                  | Dex+6 SInv} (You bought it in a shop in the Dungeon)
   463 | D        | Noticed a guardian mummy
   473 | D        | Bought a fine tin ring for 45 gold pieces
   473 | D        | Identified the ring of the Scarab {rPois Will++ Str+3} (You
                  | bought it in a shop in the Dungeon)
   473 | D        | Bought a warped marble ring for 45 gold pieces
   473 | D        | Identified the ring "Biggupya" {Int+4 SInv} (You bought it
                  | in a shop in the Dungeon)
   491 | D        | Reached *** piety under Qazlal
   569 | D        | Arena points: 72 (+18) [x1]
   584 | D        | Round 4.
   622 | D        | Noticed a deep elf pyromancer
   624 | D        | Noticed a deep elf zephyrmancer
   652 | D        | Incinerated by a deep elf pyromancer

Illustrated notes

Levels and vault maps discovered:
D:        arena_sprint

Skill      XL: |  1  2  3 |
---------------+----------+-----
Axes           | 4 7 |  7.9
Dodging        | 4 7 |  7.8
Fighting       | 4 |  4.8
Throwing       | 3 |  3.9
Evocations     | |  0.7

Action                     |  1- 3 |  4- 6 || total
---------------------------+-------+-------++-------
  Melee: War axe           |    22 |    16 ||    38
         Constrict         |     4 |     7 ||    11
         Tentacles         |     3 |     4 ||     7
Ability: Evoke Blink       |       |     1 ||     1
  Evoke: Wand              |     1 |     7 ||     8
    Use: Potion            |     2 |     3 ||     5
 Armour: Skin              |    20 |     6 ||    26
  Dodge: Dodged            |    51 |     7 ||    58

Table legend: (Time is in decaauts)
 A = Elapsed time spent in this place.
 B = Non-inter-level travel time spent in this place.
 C = Inter-level travel time spent in this place.
 D = Time resting spent in this place.
 E = Time spent auto-exploring this place.
 F = Levels seen in this place.
 G = Mean time per level.
                   A        B        C        D        E       F      G
               +--------+--------+--------+--------+--------+-----+--------+
         Total |    657 |    653 |      4 |    158 |      9 |   1 |  657.0 |
       Dungeon |    657 |    653 |      4 |    158 |      9 |   1 |  657.0 |
               +--------+--------+--------+--------+--------+-----+--------+

Top non-repeatable levels by time:
       D: 657 daAuts
